 Dungeon Crawl Stone Soup version 0.28-a0-1435-g82390b3a13 (webtiles) character file.

Game seed: 9921352015635169374

287 hashsling the Bolt Thrower (level 6, -1/37 HPs)
             Began as a Kobold Hunter on Jan 9, 2022.
             Slain by Duvessa (6 damage)
             ... on level 4 of the Dungeon.
             The game lasted 00:17:07 (4160 turns).

hashsling the Bolt Thrower (Kobold Hunter)          Turns: 4160, Time: 00:17:08

Health: -1/37      AC:  9    Str:  9    XL:     6   Next: 56%
Magic:  6/6        EV: 16    Int: 13    God:
Gold:   123        SH:  0    Dex: 23    Spells: 5/5 levels left

rFire   . . .      SeeInvis .   b - +2 dagger (speed)
rCold   . . .      Faith    .   j - orb {mayhem}
rNeg    . . .      Spirit   .   c - +0 leather armour
rPois   .          Reflect  .   (no helmet)
rElec   .          Harm     .   u - +0 cloak
rCorr   .          Rampage  .   (no gloves)
Will    .....                   o - +0 pair of boots
Stlth   +++.......              (no amulet)
HPRegen 0.12/turn               e - +6 ring of dexterity
MPRegen 0.10/turn               k - +4 ring of protection

@: no status effects
A: small, no large weapons, nightstalker 3
a: no special abilities


You were on level 4 of the Dungeon.
You visited 1 branch of the dungeon, and saw 4 of its levels.

You collected 123 gold pieces.

Inventory:

Hand Weapons
 a - a +1 hand crossbow
 b - a +2 dagger of speed (weapon)
Missiles
 d - 35 bolts
Armour
 c - a +0 leather armour (worn)
 j - an orb of mayhem (worn)
 o - a +0 pair of boots (worn)
 u - a +0 cloak (worn)
Jewellery
 e - a +6 ring of dexterity (left hand)
 k - a +4 ring of protection (right hand)
Scrolls
 h - a scroll of vulnerability {unknown}
 i - 2 scrolls of acquirement {unknown}
 l - 2 scrolls of enchant armour {unknown}
 n - 2 scrolls of amnesia
 p - a scroll of noise {unknown}
 q - a scroll of holy word {unknown}
 s - a scroll of silence {unknown}
Potions
 m - a potion of curing {unknown}
 r - a potion of mutation {unknown}
 t - a potion of lignification


   Skills:
 - Level 3.0 Fighting
 * Level 3.6 Short Blades
 - Level 7.0 Crossbows
 + Level 3.3 Dodging
 + Level 2.8 Stealth


You had 5 spell levels left.
You didn't know any spells.
Your spell library contained the following spells:

 Spells                   Type           Power      Damage    Failure   Level
 Animate Skeleton         Necr           0%         N/A       41%         1
 Pain                     Necr           0%         1d4       41%         1
 Vampiric Draining        Necr           0%         2d6       78%         3


Dungeon Overview and Level Annotations

Branches:
Dungeon (4/15)
 Temple: D:4-7

Altars:
Nemelex Xobeh
Zin

Annotations:
D:4 Duvessa


Innate Abilities, Weirdness & Mutations

You are small and have problems with some larger weapons.
You are completely attuned to the shadows.


Message History

Duvessa is heavily wounded.
Duvessa hits you with a +2 short sword of freezing.
Duvessa freezes you.
Fire: 37 bolts
Press: ? - help, Q - select action Shift-Dir - straight line, f/p - Duvessa
Aim: Duvessa, wielding a +2 short sword of freezing and wearing a +2 leather armour of poison resistance (heavily wounded, 73% to hit)
You shoot a bolt.
The bolt hits Duvessa but does no damage.
Duvessa is heavily wounded.
Duvessa hits you with a +2 short sword of freezing.
Duvessa freezes you.
Fire: 36 bolts
Press: ? - help, Q - select action Shift-Dir - straight line, f/p - Duvessa
Aim: Duvessa, wielding a +2 short sword of freezing and wearing a +2 leather armour of poison resistance (heavily wounded, 73% to hit)
You shoot a bolt. The bolt barely misses Duvessa.
Duvessa hits you with a +2 short sword of freezing!
* * * LOW HITPOINT WARNING * * *
Duvessa freezes you.
* * * LOW HITPOINT WARNING * * *
Your hands tingle!
b - a +2 dagger of speed (weapon)
Duvessa hits you with a +2 short sword of freezing.
* * * LOW HITPOINT WARNING * * *
Duvessa freezes you.
* * * LOW HITPOINT WARNING * * *
You are too injured to fight recklessly!
You are too injured to fight recklessly!
You are too injured to fight recklessly!
Hit: b) +2 dagger (speed)
Press: ? - help, Dir - move target, f/p - Duvessa
Aim: Duvessa, wielding a +2 short sword of freezing and wearing a +2 leather armour of poison resistance (heavily wounded, about 27% to evade your +2 dagger of speed)
You barely miss Duvessa.
Duvessa is heavily wounded.
Hit: b) +2 dagger (speed)
Press: ? - help, Dir - move target, f/p - Duvessa
Aim: Duvessa, wielding a +2 short sword of freezing and wearing a +2 leather armour of poison resistance (heavily wounded, about 27% to evade your +2 dagger of speed)
You barely miss Duvessa.
Duvessa is heavily wounded.
Duvessa hits you with a +2 short sword of freezing.
You die...

###.#########
.##.# #.....#
.##.# #.###.#
#.# ..# ...
#.# #.# ## #.
#.# #... #.
#.# ###.# #(
#.# # .#
###e####.# #
....@....# #
########## #
# # #


You could see Duvessa.

Vanquished Creatures
  A phantom (D:4)
  Crazy Yiuf (D:4)
  An orc wizard (D:3)
  Robin (D:2)
  6 adders
  A worm (D:2)
  5 orcs (D:3)
  5 endoplasms
  11 goblins
  3 hobgoblins
  3 jackals (D:3)
  3 quokkas
  8 ball pythons
  2 bats
  2 frilled lizards
  7 kobolds
  2 rats
62 creatures vanquished.

Vanquished Creatures (collateral kills)
  Jessica (D:2)
  A goblin (D:2)
  A jackal (D:3)
3 creatures vanquished.

Vanquished Creatures (others)
  A goblin (D:2)
  5 plants (D:2)
6 creatures vanquished.

Grand Total: 71 creatures vanquished

Notes
Turn   | Place    | Note
-------+----------+-------------------------------------------
     0 | D:1      | hashsling the Kobold Hunter began the quest for the Orb.
     0 | D:1      | Reached XP level 1. HP: 12/12 MP: 1/1
   204 | D:1      | Reached skill level 5 in Crossbows
   454 | D:1      | Reached XP level 2. HP: 17/17 MP: 2/2
  1339 | D:2      | Noticed Jessica
  1346 | D:2      | Noticed Robin
  1348 | D:2      | Killed Jessica
  1349 | D:2      | Reached skill level 6 in Crossbows
  1349 | D:2      | Reached XP level 3. HP: 18/21 MP: 3/3
  1350 | D:2      | Killed Robin
  1351 | D:2      | Reached XP level 4. HP: 20/26 MP: 4/4
  1585 | D:2      | Reached skill level 1 in Short Blades
  1986 | D:2      | Reached XP level 5. HP: 31/31 MP: 5/5
  2519 | D:3      | Found a sparkling altar of Nemelex Xobeh.
  2884 | D:3      | Found a faded altar of an unknown god.
  3462 | D:3      | Found a glowing silver altar of Zin.
  3627 | D:4      | Found a runed translucent door.
  3630 | D:4      | Noticed Crazy Yiuf
  3650 | D:4      | Killed Crazy Yiuf
  3651 | D:4      | Reached XP level 6. HP: 17/36 MP: 6/6
  3961 | D:4      | Reached skill level 7 in Crossbows
  4150 | D:4      | Noticed Duvessa
  4160 | D:4      | Slain by Duvessa

Illustrated notes

Levels and vault maps discovered:
D:1:      nagdon_arrival_zigzag_paths, layout_basic
D:2:      layout_loops_ring, serial_forest, infiniplex_forest_3_way,
          infiniplex_forest_end_double, infiniplex_forest_split,
          infiniplex_forest_corner_1, infiniplex_forest_clump_small,
          infiniplex_forest_zigzag_1, infiniplex_forest_straight_2,
          infiniplex_forest_lined_2, minmay_cut_off, uniq_jessica, uniq_robin
D:3:      layout_basic, mainiacjoe_overflow_boulevard,
          mainiacjoe_overflow_alcove_2, nicolae_ecumenical_snake_handling
D:4:      layout_loops_ring, uniq_duvessa, uniq_crazy_yiuf_cottage, uniq_pikel

Skill      XL: |  1  2  3  4  5  6 |
---------------+-------------------+-----
Crossbows      | 5 6 7 |  7.0
Short Blades   | 1 3 |  3.6
Stealth        | 2 |  2.8
Dodging        | 3 |  3.3
Fighting       | 3 |  3.0

Action                   |  1- 3 |  4- 6 || total
-------------------------+-------+-------++-------
Melee: Short sword       |     5 |     2 ||     7
       Dagger            |       |   139 ||   139
 Fire: Hand crossbow     |    25 |    56 ||    81
  Use: Potion            |       |     1 ||     1
       Scroll            |       |     4 ||     4
 Stab: Sleeping          |       |     6 ||     6
Armor: Leather armour    |     5 |    32 ||    37
       Skin              |       |     5 ||     5
Dodge: Dodged            |     3 |    64 ||    67

Table legend: (Time is in decaauts)
 A = Elapsed time spent in this place.
 B = Non-inter-level travel time spent in this place.
 C = Inter-level travel time spent in this place.
 D = Time resting spent in this place.
 E = Time spent auto-exploring this place.
 F = Levels seen in this place.
 G = Mean time per level.
                   A        B        C        D        E       F      G
               +--------+--------+--------+--------+--------+-----+--------+
         Total |   4098 |   3879 |    219 |      0 |   3337 |   4 | 1024.5 |
       Dungeon |   4098 |   3879 |    219 |      0 |   3337 |   4 | 1024.5 |
               +--------+--------+--------+--------+--------+-----+--------+

Top non-repeatable levels by time:
     D:1: 1287 daAuts
     D:2: 1186 daAuts
     D:3: 1068 daAuts
     D:4: 556 daAuts
